 Dungeon Crawl Stone Soup version 0.31-a0-233-g139696dc86 (webtiles) character file.

Game seed: 11763129116410889481

277 qw the Shooter (level 6, -4/37 HPs)
             Began as a Gargoyle Hexslinger on July 8, 2023.
             Was an Initiate of Okawaru.
             Killed from afar by Dowan (9 damage)
             ... with a stone arrow
             ... on level 4 of the Dungeon.
             The game lasted 00:00:56 (2498 turns).

qw the Shooter (Gargoyle Hexslinger)                Turns: 2498, Time: 00:00:56

Health: -4/37      AC: 10    Str: 12    XL:     6   Next: 25%
Magic:  7/7        EV: 11    Int: 13    God:    Okawaru [......]
Gold:   170        SH:  0    Dex: 20    Spells: 6/7 levels left

rFire   . . .        Y - +0 arbalest
rCold   . . .        (shield currently unavailable)
rNeg    + + .        d - +0 ring mail
rPois   inf          (no helmet)
rElec   +            (no cloak)
rCorr   .            (no gloves)
SInv    .            g - +0 pair of boots
Will    .....        (no amulet)
Stlth   +            h - +6 ring of dexterity
HPRegen 0.26/turn    j - ring of positive energy
MPRegen 0.10/turn

%: no passive effects
@: no status effects
A: sickness immunity, AC +4, negative energy resistance 1, electricity
resistance, torment resistance 1, petrification resistance
a: Renounce Religion


You were on level 4 of the Dungeon.
You worshipped Okawaru.
Okawaru was noncommittal.
You visited 2 branches of the dungeon, and saw 5 of its levels.

You collected 170 gold pieces.


Innate Abilities, Weirdness & Mutations

You are immune to sickness and miasma.
Your stone body is resilient. (AC +4)
You are immune to poison.
You resist negative energy. (rN+)
You are resistant to electric shocks. (rElec)
You are resistant to unholy torment.
You are immune to petrification.


   Skills:
 - Level 3.2 Fighting
 + Level 5.5 Ranged Weapons
 - Level 1.0 Armour
 - Level 1.5 Dodging
 - Level 1.0 Spellcasting
 - Level 2.6 Hexes


You had 6 spell levels left.
You knew the following spells:

 Your Spells              Type           Power      Damage    Failure   Level
a - Slow                  Hex            28%        N/A       22%         1

Your spell library contained the following spells:

 Spells                   Type           Power      Damage    Failure   Level
 Inner Flame              Hex/Fire       4%         N/A       73%         3
 Portal Projectile        Hex/Tloc       8%         N/A       73%         3
 Cause Fear               Hex            3%         N/A       91%         4

Inventory:

Hand Weapons
 Y - a +0 arbalest (weapon)
Armour
 d - a +0 ring mail (worn)
 g - a +0 pair of boots (worn)
Jewellery
 h - a +6 ring of dexterity (left hand)
 j - a ring of positive energy (right hand)
Scrolls
 b - a scroll of identify {unknown}
 f - a scroll of teleportation {unknown}
Potions
 a - a potion of brilliance {unknown}
 c - a potion of curing {unknown}
 e - a potion of resistance {unknown}
 i - a potion of attraction {unknown}
 k - a potion of heal wounds {unknown}

Dungeon Overview and Level Annotations

Branches:
Dungeon (4/15)             Temple (1/1) D:4

Altars:
Ashenzari
Cheibriados
Dithmenos
Fedhas
Hepliaklqana
Kikubaaqudgha
Makhleb
Nemelex Xobeh
Okawaru
Qazlal
Ru
Sif Muna
Trog
Vehumet
Wu Jian
Xom
Yredelemnul
Zin
The Shining One

Annotations:
D:4 Dowan


Message History

Duvessa is heavily wounded.
Duvessa hits you with a +1 short sword of venom.
Dowan, Brother of Duvessa comes into view.
He is wielding a +0 dagger.
Duvessa hits you with a +1 short sword of venom!
You shoot a bolt. The bolt closely misses Duvessa.
Duvessa closely misses you. x2
You shoot a bolt. The bolt barely misses Duvessa.
Duvessa hits you with a +1 short sword of venom.
You shoot a bolt. The bolt closely misses Duvessa.
Duvessa hits you with a +1 short sword of venom!
Dowan gestures wildly while chanting.
Dowan blinks!
Duvessa misses you.
You shoot a bolt. The bolt hits Duvessa!
Duvessa is severely wounded.
Duvessa hits you but does no damage. Duvessa closely misses you.
You shoot a bolt. The bolt barely misses Duvessa.
Duvessa closely misses you.
Dowan mumbles some strange words.
Dowan blinks!
Duvessa closely misses you.
You shoot a bolt. The bolt barely misses Duvessa.
Duvessa hits you but does no damage.
You shoot a bolt. The bolt hits Duvessa.
Duvessa is severely wounded.
Duvessa hits you but does no damage.
Duvessa hits you with a +1 short sword of venom.
You shoot a bolt.
The bolt hits Duvessa but does no damage.
Duvessa is severely wounded.
Duvessa hits you with a +1 short sword of venom. x2
You shoot a bolt. The bolt hits Duvessa.
Duvessa is almost dead.
Duvessa hits you with a +1 short sword of venom.
You shoot a bolt. The bolt hits Duvessa!
You kill Duvessa!
Okawaru is honoured by your kill.
Dowan's eyes darken. "You have made a black mistake."
Dowan seems to find hidden reserves of power!
Dowan gestures at you while chanting. The stone arrow hits you!
You die...

###### ####...#...#..#..##
.....############....#...#......#
...................#.#....###....
..........######..#}.##+##.}...#.
..........# ..............#....
..........# #.#####........####.
####.###.## #(#...#.......#....)
#.# #.# # #...+..._...'...+. #.#
#(# #@..........#...#. ####.###.#
#)###.......#####. #......#.#
....#.........# .......#.#
###..#}.#.+##.}# #......#.#
##e####...#### .....#<#.# ..
#...# ####.#.# #. ....# #.#.# ..
#.### #.#.# ...


You could see Dowan (fast).

Vanquished Creatures
  Duvessa (D:4)
  2 hounds
  3 iguanas
  A gnoll (D:1)
  6 adders
  An ufetubus (D:4)
  3 dart slugs
  8 endoplasms
  2 giant cockroaches (D:1)
  2 hobgoblins
  4 jackals (D:2)
  5 quokkas
  3 ball pythons
  7 bats
  3 frilled lizards
  8 goblins
  5 kobolds
  5 rats
69 creatures vanquished.

Notes
Turn   | Place    | Note
-------+----------+-------------------------------------------
     0 | D:1      | qw the Gargoyle Hexslinger began the quest for the Orb.
     0 | D:1      | Reached XP level 1. HP: 12/12 MP: 2/2
     0 | D:1      | 0 ||| qw: Version: 0.3-a-46-gb1f654a
     0 | D:1      | 0 ||| qw: Game counter: 3708
     0 | D:1      | 0 ||| qw: Melee chars always use a shield: true
     0 | D:1      | 0 ||| qw: God list: Okawaru
     0 | D:1      | 0 ||| qw: Allow faded altars: false
     0 | D:1      | 0 ||| qw: Do Orc after clearing Dungeon:15 true
     0 | D:1      | 0 ||| qw: Do second Lair branch before Depths: true
     0 | D:1      | 0 ||| qw: Lair rune preference: random
     0 | D:1      | 0 ||| qw: Goals: Normal
     0 | D:1      | 0 ||| PLANNING D:1-11
     6 | D:1      | Noticed an imperial myrmidon
     6 | D:1      | Noticed a tyrant leech
     6 | D:1      | Noticed an iguana
     7 | D:1      | Noticed a centaur warrior
   198 | D:1      | Reached XP level 2. HP: 16/16 MP: 3/3
   221 | D:1      | 221 ||| SWAPPING to +0 arbalest.
   225 | D:1      | Reached skill level 3 in Ranged Weapons
   225 | D:1      | 225 ||| DROPPING +1 sling.
   316 | D:1      | Found a faded altar of an unknown god.
   329 | D:1      | 329 ||| UPGRADING to +0 ring mail.
   383 | D:1      | 383 ||| DROPPING +0 robe.
   422 | D:1      | Reached XP level 3. HP: 20/20 MP: 4/4
   469 | D:1      | 469 ||| UPGRADING to +0 pair of boots.
   718 | D:1      | 718 ||| UPGRADING to +6 ring of dexterity.
   719 | D:1      | 719 ||| READING 4 scrolls labelled ZEPNEULOTE.
   720 | D:1      | 720 ||| DROPPING scroll of poison.
   721 | D:1      | 721 ||| DROPPING 3 scrolls of noise.
   832 | D:2      | Reached skill level 1 in Armour
   893 | D:2      | Reached XP level 4. HP: 13/27 MP: 5/5
  1267 | D:2      | 1267 ||| READING scroll labelled LEAN CUCHIJ.
  1488 | D:3      | Reached skill level 4 in Ranged Weapons
  1490 | D:3      | Found a hazy altar of Hepliaklqana.
  1520 | D:3      | Reached XP level 5. HP: 21/31 MP: 6/6
  1727 | D:3      | Reached skill level 5 in Ranged Weapons
  1967 | D:3      | 1967 ||| UPGRADING to ring of positive energy.
  1968 | D:3      | 1968 ||| READING scroll labelled CUS UNYUTUZU.
  1969 | D:3      | 1969 ||| READING scroll labelled ZEOSUG BUIVVYL.
  2034 | D:4      | Found a broken altar of Ashenzari.
  2049 | D:4      | Found a staircase to the Ecumenical Temple.
  2050 | D:4      | 2050 ||| PLANNING TEMPLE
  2059 | D:4      | Reached skill level 3 in Fighting
  2089 | Temple   | Entered the Ecumenical Temple
  2150 | Temple   | 2150 ||| PLANNING OKAWARU WORSHIP
  2253 | Temple   | Became a worshipper of Warmaster Okawaru
  2254 | Temple   | 2254 ||| PLANNING D:1-11
  2335 | D:4      | Reached XP level 6. HP: 37/37 MP: 7/7
  2485 | D:4      | Noticed Duvessa
  2488 | D:4      | Noticed Dowan
  2497 | D:4      | HP: 5/37 [Duvessa/+1 short sword of venom (6)]
  2498 | D:4      | Killed Duvessa
  2498 | D:4      | Killed from afar by Dowan

Levels and vault maps discovered:
D:1:      onia_arrival_zoo_common, layout_loops_ring,
          ebering_ecumenical_altar_petrified
D:2:      layout_rooms, amethyst_killhole
D:3:      layout_loops_ring, mainiacjoe_overflow_cross_hatched
D:4:      layout_basic, mainiacjoe_overflow_six_doors_small,
          evilmike_ruin_ashenzari, minmay_temple_entry_wispy,
          hangedman_decor_riveting, solitary_fountain, uniq_duvessa
Temple:   minmay_crystal_spiral_temple

Skill      XL: |  1  2  3  4  5 |
---------------+----------------+-----
Ranged Weapons | 3 4 5 |  5.5
Fighting       | 2 3 |  3.2
Armour         | 1 |  1.0
Dodging        | |  1.5
Spellcasting   | |  1.0
Hexes          | |  2.6

Action                     |  1- 3 |  4- 6 || total
---------------------------+-------+-------++-------
   Fire: Sling             |    25 |       ||    25
         Arbalest          |    51 |   104 ||   155
    Use: Scroll            |     1 |     3 ||     4
 Armour: Robe              |     5 |       ||     5
         Ring mail         |    13 |    26 ||    39
  Dodge: Dodged            |    19 |    42 ||    61

Table legend:
 A = Non-vault XP
 B = Vault XP
 C = Vault XP percentage of total XP
 D = Non-vault monster count
 E = Vault monster count
 F = Vault count percentage of total count
                 A         B        C        D         E       F
            +---------+---------+-------+---------+---------+-------
      Total |     396 |     153 |  27.9 |      68 |       1 |   1.4
            +---------+---------+-------+---------+---------+-------
        D:1 |      38 |       0 |   0.0 |      15 |       0 |   0.0
        D:2 |      60 |       0 |   0.0 |      21 |       0 |   0.0
        D:3 |     152 |       0 |   0.0 |      21 |       0 |   0.0
        D:4 |     146 |     153 |  51.2 |      11 |       1 |   8.3
            +---------+---------+-------+---------+---------+-------
